AoeStats
← richi_maron_90

Arena

506030603Analyzed
4v4 RM · 21d ago on Sep 12, 2026· 69m 37s· 8 players
Game mode
Random Map
Map size
Large (8 player)
Population
200
Speed
Normal
Resources
Standard
Victory
Conquest
Starting age
Dark Age
Ending age
Imperial Age
RankedLock teamsTeams togetherTeam positionsShared explorationLock speedFull tech treeHidden civsTurbo modeCheats
Victory
Defeat
🇲🇽 Goths · Mexico
970
+13
🇺🇸 Persians · United States
927
+14
🇨🇳 Spanish · China
849
+17
🇲🇽 Teutons · Mexico
834
+19
🇺🇸 Cumans · United States
928
-17
🇺🇸 Vikings · United States
889
-16
🇺🇸 Turks · United States
888
-16
🇪🇨 Burmese · Ecuador
842
-14
GBDT
11:53 Feudal Age
12:41 Loom
17:25 Castle Age
15:32 Double-Bit Axe
16:38 Gold Mining
16:33 Horse Collar
23:26 Imperial Age
24:33 Padded Archer Armor
28:36 Conscription
29:12 Leather Archer Armor
35:48 Ring Archer Armor
37:41 Artillery
45:39 Scale Barding Armor
45:45 Forging
46:06 Bloodlines
45:57 Husbandry
45:18 Heavy Camel Rider
RarinWheel65511
10:52 Feudal Age
11:45 Double-Bit Axe
11:46 Horse Collar
13:24 Loom
17:12 Wheelbarrow
22:36 Castle Age
21:00 Town Watch
23:31 Pikeman
24:55 Forging
25:36 Scale Barding Armor
25:31 Scale Mail Armor
26:14 Bloodlines
27:42 Hand Cart
29:07 Bow Saw
33:55 Imperial Age
32:50 Steppe Husbandry
34:21 Chain Barding Armor
34:51 Elite Steppe Lancer
36:36 Halberdier
CoronaVirus
3:29 Loom
12:12 Feudal Age
18:15 Castle Age
16:43 Horse Collar
17:09 Double-Bit Axe
18:16 Gold Mining
19:24 Crossbowman
20:28 Fletching
21:16 Padded Archer Armor
24:11 Gold Shaft Mining
23:28 Stone Mining
24:28 Bow Saw
24:56 Ballistics
24:35 Bodkin Arrow
25:51 Squires
25:13 Man-at-Arms
29:10 Leather Archer Armor
29:57 Heavy Plow
37:17 Imperial Age
34:46 Town Watch
35:25 Forging
35:16 Scale Mail Armor
38:33 Crop Rotation
40:10 Iron Casting
39:50 Chain Mail Armor
39:57 Conscription
39:38 Chieftains
39:01 Long Swordsman
39:27 Gambesons
39:27 Arson
40:23 Two-Handed Swordsman
41:51 Champion
43:53 Blast Furnace
43:24 Plate Mail Armor
44:50 Two-Man Saw
61:07 Arbalester
61:49 Bracer
62:20 Ring Archer Armor
61:53 Bogsveigar
65:29 Chemistry
Breyder25
10:21 Loom
13:11 Feudal Age
16:26 Horse Collar
17:57 Stone Mining
20:34 Castle Age
21:05 Forging
21:01 Scale Mail Armor
21:15 Forging
21:19 Gambesons
23:00 Squires
23:01 Man-at-Arms
24:21 Long Swordsman
26:29 Heavy Plow
28:22 Gold Mining
28:26 Fletching
29:13 Town Watch
31:21 Pikeman
33:19 Arson
34:24 Bloodlines
36:55 Wheelbarrow
37:56 Chain Mail Armor
39:23 Scale Barding Armor
41:51 Imperial Age
41:03 Husbandry
41:08 Manipur Cavalry
41:49 Iron Casting
43:21 Gold Shaft Mining
43:19 Crop Rotation
42:43 Fletching
43:19 Conscription
42:47 Two-Handed Swordsman
42:54 Halberdier
46:45 Plate Mail Armor
47:47 Town Patrol
48:12 Chain Barding Armor
49:05 Blast Furnace
48:22 Bodkin Arrow
47:54 Light Cavalry
48:14 Capped Ram
50:10 Coinage
49:14 Champion
49:59 Hussar
51:42 Plate Barding Armor
57:39 Elite Skirmisher
59:13 Bodkin Arrow
60:03 Murder Holes
60:29 Ballistics
60:35 Ballistics
64:05 Hand Cart
66:47 Coinage
richi_maron_90
11:46 Feudal Age
19:11 Castle Age
19:42 Man-at-Arms
23:52 Double-Bit Axe
25:42 Bow Saw
24:56 Elite Skirmisher
35:16 Horse Collar
47:10 Heavy Plow
47:48 Wheelbarrow
50:13 Hand Cart
55:04 Long Swordsman
55:30 Gambesons
55:45 Squires
55:31 Arson
57:26 Fletching
57:37 Padded Archer Armor
57:37 Scale Mail Armor
57:48 Forging
57:44 Scale Barding Armor
63:20 Pikeman
67:17 Imperial Age
67:35 Two-Handed Swordsman
Nemesis
11:37 Feudal Age
15:43 Castle Age
15:17 Double-Bit Axe
18:29 Bow Saw
19:34 Horse Collar
21:15 Wheelbarrow
22:47 Hand Cart
28:58 Imperial Age
26:47 Heavy Plow
28:09 Scale Barding Armor
28:15 Forging
27:55 Fletching
29:00 Crossbowman
32:53 Conscription
33:42 Iron Casting
37:12 Chemistry
36:32 Ballistics
37:01 Kamandaran
37:32 Husbandry
37:42 Bloodlines
38:17 Cavalier
41:10 Bodkin Arrow
42:17 Blast Furnace
43:39 Chain Barding Armor
43:33 Padded Archer Armor
45:37 Plate Barding Armor
45:15 Masonry
45:38 Crop Rotation
46:10 Two-Man Saw
45:01 Savar
46:48 Leather Archer Armor
50:52 Ring Archer Armor
50:22 Scale Mail Armor
53:34 Architecture
57:48 Light Cavalry
60:03 Chain Mail Armor
Alexitobb
11:18 Feudal Age
15:25 Castle Age
13:39 Double-Bit Axe
14:31 Horse Collar
15:05 Loom
15:58 Wheelbarrow
17:39 Bow Saw
17:37 Fletching
17:53 Scale Mail Armor
22:24 Chain Mail Armor
22:20 Forging
23:33 Fletching
30:18 Iron Casting
30:06 Gold Mining
30:07 Stone Mining
30:46 Ballistics
33:46 Imperial Age
31:28 Pikeman
32:08 Squires
33:40 Stone Shaft Mining
34:16 Padded Archer Armor
34:12 Bodkin Arrow
35:35 Chemistry
35:20 Conscription
35:01 Perfusion
37:55 Blast Furnace
36:56 Bracer
43:20 Hand Cart
46:11 Heavy Plow
47:13 Two-Man Saw
47:26 Halberdier
49:56 Leather Archer Armor
50:38 Anarchy
49:58 Elite Huskarl
57:21 Town Watch
58:11 Ring Archer Armor
65:58 Crop Rotation
68:02 Town Patrol
70:14 Guilds
tudouyayu
2:42 Loom
12:26 Feudal Age
16:52 Castle Age
15:25 Double-Bit Axe
15:51 Horse Collar
16:19 Gold Mining
16:36 Stone Mining
17:20 Fletching
32:02 Imperial Age
30:14 Wheelbarrow
30:02 Squires
32:41 Bodkin Arrow
35:13 Conscription
34:29 Elite Skirmisher
38:24 Chemistry
38:11 Bow Saw
38:54 Padded Archer Armor
38:56 Bracer
50:46 Town Watch
51:09 Heavy Plow
51:53 Leather Archer Armor
52:02 Fortified Wall
57:36 Ring Archer Armor
59:14 Light Cavalry
60:36 Husbandry
60:50 Forging
60:48 Scale Barding Armor
61:44 Ballistics
62:56 Hussar
64:37 Bloodlines
69:49 Caravan
Connection lost

Rejoining the realm…

Still unreachable

The connection could not be restored.

Session expired

The server has moved on; the page needs a fresh start.